 Dungeon Crawl Stone Soup version 0.27-a0-1202-ge72e49191c (webtiles) character file.

Game seed: 15676163849029107628

221 senseless the Insei (level 5, -2/42 HPs)
             Began as a Draconian Transmuter on June 3, 2021.
             Was a Believer of the Shining One.
             Slain by an ice beast (9 damage)
             ... on level 3 of the Dungeon.
             The game lasted 00:08:58 (3184 turns).

senseless the Insei (Draconian Transmuter)          Turns: 3184, Time: 00:09:01

Health: -2/42      AC:  7    Str: 12    XL:     5   Next: 65%
Magic:  8/9        EV: 12    Int: 14    God:    the Shining One [**....]
Gold:   196        SH:  0    Dex: 12    Spells: 9/10 levels left

rFire    . . .     SeeInvis .     - Unarmed
rCold    . . .     Faith    .   (no shield)
rNeg     + + .     Spirit   .   (armour unavailable)
rPois    .         Reflect  .   (helmet currently unavailable)
rElec    .         Harm     .   (no cloak)
rCorr    .         Rampage  .   d - +1 pair of gloves
Will     .....                  (boots currently unavailable)
Stlth    +.........             (no amulet)
HPRegen  0.14/turn              k - ring of positive energy
MPRegen  0.11/turn              (no ring)

@: appendages, slowed, glowing, very slow
A: horns 2, talons 2, AC +5, unfitting armour, cold-blooded
a: End Transformation, Renounce Religion, Divine Shield


You were on level 3 of the Dungeon.
You worshipped the Shining One.
The Shining One was pleased with you.
You had temporarily grown beastly horns and talons.
You visited 1 branch of the dungeon, and saw 4 of its levels.

You collected 196 gold pieces.

Inventory:

Missiles
 e - 3 curare-tipped darts
Armour
 d - a +1 pair of gloves (worn)
Magical Staves
 m - a staff of death
Jewellery
 k - a ring of positive energy (left hand)
Wands
 j - a wand of polymorph (4)
Scrolls
 a - a scroll of magic mapping
Potions
 b - a potion of haste
 c - a potion of attraction {unknown}
 f - a potion of heal wounds {unknown}
 g - a potion of degeneration {unknown}
 h - 2 potions of mutation {unknown}
 i - a potion of might {unknown}
 l - a potion of curing {unknown}


   Skills:
 + Level 2.7 Fighting
 + Level 2.8 Dodging
 + Level 3.9 Unarmed Combat
 + Level 3.0 Spellcasting
 + Level 3.1 Transmutations


You had 9 spell levels left.
You knew the following spells:

 Your Spells              Type           Power      Damage    Failure   Level
a - Beastly Appendage     Tmut           22%        N/A       6%          1

Your spell library contained the following spells:

 Spells                   Type           Power      Damage    Failure   Level
 Wereblood                Tmut           11%        N/A       9%          2
 Summon Small Mammal      Summ           8%         N/A       22%         1
 Call Imp                 Summ           2%         N/A       32%         2
 Spider Form              Tmut/Pois      3%         N/A       32%         3
 Call Canine Familiar     Summ           2%         N/A       54%         3
 Summon Guardian Golem    Hex/Summ       2%         N/A       54%         3
 Ice Form                 Ice/Tmut       6%         N/A       73%         4
 Hydra Form               Tmut           5%         N/A       85%         5
 Summon Ice Beast         Ice/Summ       2%         N/A       91%         4
 Summon Lightning Spire   Summ/Air       2%         N/A       91%         4


Dungeon Overview and Level Annotations

Branches:
Dungeon (4/15)
 Temple: D:4-7

Altars:
Zin
The Shining One


Innate Abilities, Weirdness & Mutations

You have temporarily grown beastly horns and talons.
Your plain brown scales are hard. (AC +5)
You cannot fit into any form of body armour.
You are cold-blooded and may be slowed by cold attacks.


Message History

The ogre barely misses you.
You hit the ogre but do no damage. Your kick misses the ogre.
Your headbutt misses the ogre. You hit the ogre.
Your tail-slap misses the ogre.
The ogre is lightly wounded.
The ogre hits you with a +0 giant spiked club!
You hit the ogre.
Your tail-slap misses the ogre.
The ogre is moderately wounded.
The ogre hits you with a +0 giant spiked club!!
Ouch! That really hurt!
* * * LOW HITPOINT WARNING * * *
You are too injured to fight recklessly!
You are too injured to fight recklessly!
Your transformation is almost over.
The ogre completely misses you.
Your horns disappear.
Your talons disappear.
Aiming: Polymorph
Press: ? - help, Shift-Dir - straight line, f - ogre
Aim: an ogre, wielding a +0 giant spiked club (moderately wounded, haloed, will become a steam dragon, an ice beast, or a wyvern, chance to affect: 46%)
The ogre evaporates and reforms as an ice beast!
There is a stone staircase leading up here.
The ice beast misses you.
There is a stone staircase leading up here.
There is a stone staircase leading up here.
You climb upwards.
There is a stone staircase leading down here.
The ice beast closely misses you.
You are too injured to fight recklessly!
Casting: Beastly Appendage (safe; 6% risk of failure)
Confirm with . or Enter, or press ? or * to list all spells.
You grow a pair of large bovine horns.
Your feet morph into talons.
The ice beast hits you but does no damage.
You completely miss the ice beast. The ice beast misses you.
You barely miss the ice beast. You headbutt the ice beast.
You punch the ice beast.
The ice beast is moderately wounded.
The ice beast hits you.
* * * LOW HITPOINT WARNING * * *
The ice beast freezes you!
You feel yourself slow down.
You die...

#.## #.....# # #..#
#..#################
##.#####...................
#.#......#################
#.#.###..# # #.#.# #).# #
#.#.###..# #........####
###......@>.####
######..Y....# ####.##.#
#.##.# #.##.# #.##.#
#.##.###### #.##......#
#.#######.#


You could see an ice beast.

Vanquished Creatures
  A phantom (D:3)
  Terence (D:3)
  A hound skeleton (D:4)
  4 adders
  A worm (D:2)
  2 dart slugs (D:2)
  An orc (D:3)
  6 ball pythons
  4 bats
  5 endoplasms
  4 giant cockroaches
  5 goblins
  4 hobgoblins
  3 jackals
  8 kobolds
  9 quokkas
  4 frilled lizards
  4 rats
67 creatures vanquished.

Notes
Turn   | Place    | Note
-------+----------+-------------------------------------------
     0 | D:1      | senseless the Draconian Transmuter began the quest for the
                  | Orb.
     0 | D:1      | Reached XP level 1. HP: 16/16 MP: 3/3
   141 | D:1      | Found a faded altar of an unknown god.
   260 | D:1      | Became a worshipper of the Shining One
   260 | D:1      | Reached * piety under the Shining One
   291 | D:1      | Reached XP level 2. HP: 20/23 MP: 3/5
  1075 | D:1      | Reached XP level 3. HP: 29/29 MP: 4/6
  1838 | D:2      | Reached XP level 4. HP: 31/36 MP: 5/7
  1942 | D:2      | Reached ** piety under the Shining One
  2440 | D:3      | Noticed Terence
  2452 | D:3      | Killed Terence
  2616 | D:3      | Noticed a phantom
  2627 | D:3      | Killed a phantom
  2628 | D:3      | Reached XP level 5. HP: 38/42 MP: 9/9
  2674 | D:3      | Noticed an angel
  2675 | D:3      | Found a glowing silver altar of Zin.
  3119 | D:4      | Noticed an ogre
  3158 | D:4      | Noticed an ice beast
  3158 | D:4      | an ogre changed into an ice beast
  3184 | D:3      | Slain by an ice beast

Illustrated notes

Levels and vault maps discovered:
D:1:      minmay_arrival_hallway, layout_basic, ebering_ecumenical_altar_mist,
          chequers_serial_rivers_small_b, minmay_split_cup_large
D:2:      layout_rooms, chequers_serial_rivers_large_a, minmay_surrounded
D:3:      layout_loops_ring, zin_angel, uniq_terence
D:4:      layout_cave_pools, serial_park, serial_park_tiny_1, serial_park_gazebo
          [serial_park_minivault_5x5_1], serial_park_square2,
          serial_park_square1 [serial_park_minivault_5x5_6], serial_park_tiny_1

Skill      XL: |  1  2  3  4  5 |
---------------+----------------+-----
Dodging        | 2 |  2.8
Fighting       | 2 |  2.7
Transmutations | 3 |  3.1
Spellcasting   | 3 |  3.0
Unarmed Combat | |  3.9

Action                   |  1- 3 |  4- 6 || total
-------------------------+-------+-------++-------
Melee: Unarmed           |   116 |    73 ||   189
       Kick              |    20 |    17 ||    37
       Tailslap          |     7 |     4 ||    11
       Headbutt          |     8 |     7 ||    15
       Punch             |     1 |     1 ||     2
Throw: Dart              |       |     1 ||     1
 Cast: Beastly Appendage |    25 |    18 ||    43
Evoke: Wand              |       |     1 ||     1
  Use: Scroll            |     3 |     3 ||     6
Armor: Skin              |    33 |    24 ||    57
Dodge: Dodged            |    78 |    48 ||   126

Table legend: (Time is in decaauts)
 A = Elapsed time spent in this place.
 B = Non-inter-level travel time spent in this place.
 C = Inter-level travel time spent in this place.
 D = Time resting spent in this place.
 E = Time spent auto-exploring this place.
 F = Levels seen in this place.
 G = Mean time per level.
                   A        B        C        D        E       F      G
               +--------+--------+--------+--------+--------+-----+--------+
         Total |   3189 |   3104 |     85 |    145 |   2517 |   4 |  797.2 |
       Dungeon |   3189 |   3104 |     85 |    145 |   2517 |   4 |  797.2 |
               +--------+--------+--------+--------+--------+-----+--------+

Top non-repeatable levels by time:
     D:1: 1304 daAuts
     D:2: 913 daAuts
     D:3: 816 daAuts
     D:4: 155 daAuts
